 Dungeon Sprint DCSS version 0.24.0-125-gc4c63601f3 (webtiles) character file.

Game seed: 3445322430250073062, levelgen mode: deterministic

17713 Ponchio the Sorcerer (level 12, -6/93 HPs)
             Began as a Deep Elf Earth Elementalist on Feb 29, 2020.
             Was an Elder of Vehumet.
             Killed from afar by an ice dragon (50 damage)
             ... with a blast of cold
             ... in the Dungeon (Sprint II: "The Violet Keep of Menkaure").
             The game lasted 00:29:08 (2948 turns).

Ponchio the Sorcerer (Deep Elf Earth Elementalist)  Turns: 2948, Time: 00:29:11

Health: -6/93      AC: 30    Str:  5    XL:     12   Next: 21%
Magic:  39/49      EV: 20    Int: 26    God:    Vehumet [****..]
Gold:   1260       SH:  0    Dex: 15    Spells: 29/55 levels left

rFire    . . .     SeeInvis .   (no weapon)
rCold    . . .     Gourm    .   (no shield)
rNeg     + . .     Faith    .   (armour currently unavailable)
rPois    ∞         Spirit   .   m - +0 helmet
rElec    +         Reflect  .   x - +0 cloak
rCorr    .         Harm     +   (gloves currently unavailable)
MR       ++...     NoTele   +   (boots currently unavailable)
Stlth    +.........             d - amulet of harm
HPRegen  0.25/turn              g - ring of magical power
MPRegen  0.31/turn              B - ring of protection from magic

@: statue-form, very slightly contaminated, very slow
A: frail 1
a: End Transformation, Renounce Religion


You were in the Dungeon.
You worshipped Vehumet.
Vehumet was greatly pleased with you.
You were very hungry.
You were a stone statue.
You visited 1 branch You collected 1851 gold pieces.
You spent 591 gold pieces at shops.

Inventory:

Missiles
 b - 122 stones (quivered)
Armour
 c - a +0 robe (melded)
 m - a +0 helmet (worn)
 u - a +0 pair of boots (melded)
 x - a +0 cloak (worn)
Jewellery
 d - an amulet of harm (around neck)
 g - a ring of magical power (left hand)
 n - an uncursed ring of protection from fire
 B - a ring of protection from magic (right hand)
Wands
 a - a wand of polymorph (3)
Scrolls
 k - 2 scrolls of fog {unknown}
 l - 3 scrolls of identify {unknown}
 p - a scroll of random uselessness {unknown}
 q - 2 scrolls of magic mapping
 r - a scroll of enchant armour {unknown}
 t - a scroll of remove curse {unknown}
 y - a scroll of enchant weapon {unknown}
 z - a scroll of immolation {unknown}
Potions
 e - 2 potions of curing
 f - a potion of heal wounds
 h - 4 potions of magic
 i - 3 potions of berserk rage
 s - 6 potions of flight {unknown}
 v - a potion of might {unknown}
 w - a potion of brilliance {unknown}
 A - 3 potions of resistance {unknown}
Comestibles
 o - 5 rations


   Skills:
 - Level 11.2 Fighting
 - Level 11.5 Dodging
 - Level 2.4 Stealth
 + Level 22.0 Spellcasting
 - Level 1.1 Transmutations
 + Level 20.2 Earth Magic


You had 29 spell levels left.
You knew the following spells:

 Your Spells              Type           Power        Failure   Level  Hunger
a - Sandblast             Erth           ######       0%          1    None
b - Passwall              Tmut/Erth      ######..     1%          2    None
c - Stone Arrow           Conj/Erth      ######       1%          3    None
d - Petrify               Tmut/Erth      ######..     1%          4    None
e - Lee's Rapid Deconstr  Erth           #######...   0%          5    None
f - Bolt of Magma         Conj/Fire/Erth ######....   1%          5    None
g - Statue Form           Tmut/Erth      ######...    2%          6    None

Your spell library contained the following spells:

 Spells                   Type           Power        Failure   Level  Hunger
 Inner Flame              Hex/Fire       ####....     1%          3    None


Dungeon Overview and Level Annotations

Branches:
Dungeon (1/1)

Altars:
Cheibriados
Dithmenos
Elyvilon
Fedhas
Gozag
Hepliaklqana
Kikubaaqudgha
Makhleb
Nemelex Xobeh
Okawaru
Qazlal
Ru
Sif Muna
Trog
Uskayaw
Vehumet
Wu Jian
Xom
Yredelemnul
Zin
The Shining One
Beogh
Jiyva
Lugonu

Shops:
D =[:[!!=:(([*(%}?

Annotations:
D exclusions: door and oklob plant


Innate Abilities, Weirdness & Mutations

You are frail. (-10% HP)


Message History

The blast of cold hits you!!!
Ouch! That really hurt!
Blink to where?
Press: ? - help, Dir - move target cursor, p - ice dragon Splash!
You fall into the shallow water.
Moving in this stuff is going to be slow.
As you read the scroll of blinking, it crumbles to dust.
Casting: Statue Form (safe; 2% risk of failure)
Confirm with . or Enter, or press ? or * to list all spells.
Aiming: Lee's Rapid Deconstruction (safe; 0% risk of failure)
Press: ? - help, Dir - move target cursor A stone wall.
The wall shatters!
The blast of rock fragments hits the ice dragon!
The ice dragon is moderately wounded.
The ice dragon breathes frost at you. The blast of cold hits you!!!
Ouch! That really hurt!
You die...

#'##..#,,####.#†.#}[▓)...(.)(▓▓,⌠
.#.##.####"?'.##.#:[▓[...)...▓▓,,
###.#....#$.#...####▓...(..[.▓▓,,
.#.####..#####D.##.#▓))..[...▓▓,,
#'###.##..#..'^.#..#▓)...(...▓▓,,
#.##...#..#..#..#).#▓....[[..▓▓,⌠
.<.'##.'..####.†##.#▓.....([)▓▓,,
#.##...#.§..###...##▓▓▓▓▓▓▓'▓▓▓▓+
#'###.##..§...≈≈8≈≈≈≈≈≈§≈≈≈...≈≈≈
.#.####§≈§....≈#'########'###.≈≈≈
.#..#≈≈≈≈≈§≈..≈#.._._._.#§§≈##≈≈≈
.#.##≈≈≈≈≈§§≈.≈#._._._..#§§§≈####
#+##≈≈≈≈§§§§§≈≈#_._._._.#§§≈§≈##.
≈≈≈≈≈≈≈≈≈≈§≈§≈≈#._._._._#§§§§≈≈#§
§#'''#≈≈§≈≈§§≈≈#.._._._.#§§§≈§§'.
§.≈≈§##≈§≈###≈≈#..._._._#§§≈§≈≈#.
§≈§§§§##≈≈*,#≈§#...._._.#≈≈§§§≈▓.


You could see an ice dragon.

Vanquished Creatures
  A kraken (D)
  2 sphinxes (D)
  Kirke (D)
  Roxanne (D)
  A crystal guardian (D)
  A yaktaur captain (D)
  A centaur warrior (D)
  A skeletal warrior (D)
  2 death drakes (D)
  2 deep trolls (D)
  3 shining eyes (D)
  An elephant (D)
  An ice statue (D)
  A kobold demonologist (D)
  A yaktaur (D)
  2 tyrant leeches (D)
  3 polar bears (D)
  A hornet (D)
  2 slime creatures (D)
  2 hippogriffs (D)
  Menkaure (D)
  2 swamp drakes (D)
  4 necrophages (D)
  4 crocodiles (D)
  A scorpion (D)
  4 worker ants (D)
  4 tentacles (D)
50 creatures vanquished.

Vanquished Creatures (others)
  A crocodile (D)
  2 tentacles (D)
3 creatures vanquished.

Grand Total: 53 creatures vanquished

Notes
Turn   | Place    | Note
-------+----------+-------------------------------------------
     0 | D        | Ponchio the Deep Elf Earth Elementalist began the quest for
                  | the Orb.
     0 | D        | Reached XP level 1. HP: 10/10 MP: 6/6
     1 | D        | Noticed a necrophage
     1 | D        | Noticed a necrophage
     1 | D        | Noticed a necrophage
     1 | D        | Noticed a necrophage
     5 | D        | Killed a necrophage
     5 | D        | Reached skill level 6 in Spellcasting
     5 | D        | Reached XP level 2. HP: 15/15 MP: 4/11
     5 | D        | Reached XP level 3. HP: 19/19 MP: 4/13
     5 | D        | Reached XP level 4. HP: 24/24 MP: 4/14
     7 | D        | Killed a necrophage
     7 | D        | Reached skill level 9 in Spellcasting
     7 | D        | Reached XP level 5. HP: 25/28 MP: 2/18
     8 | D        | Killed a necrophage
     8 | D        | Reached skill level 10 in Spellcasting
     8 | D        | Reached skill level 10 in Earth Magic
    13 | D        | Killed a necrophage
    13 | D        | Reached skill level 11 in Spellcasting
    13 | D        | Reached XP level 6. HP: 26/32 MP: 17/22
    17 | D        | Learned a level 2 spell: Passwall
    21 | D        | Learned a level 3 spell: Stone Arrow
    26 | D        | Learned a level 4 spell: Petrify
    32 | D        | Learned a level 5 spell: Lee's Rapid Deconstruction
    96 | D        | Noticed a hippogriff
    96 | D        | Noticed a hippogriff
    98 | D        | Killed a hippogriff
    98 | D        | Reached skill level 12 in Spellcasting
    99 | D        | Killed a hippogriff
    99 | D        | Reached skill level 13 in Spellcasting
    99 | D        | Reached XP level 7. HP: 36/36 MP: 7/25
   194 | D        | Noticed a tyrant leech
   194 | D        | Noticed a tyrant leech
   230 | D        | Noticed Menkaure
   236 | D        | Killed Menkaure
   403 | D        | Killed a tyrant leech
   403 | D        | Reached skill level 14 in Spellcasting
   403 | D        | Reached XP level 8. HP: 41/41 MP: 7/28
   405 | D        | Killed a tyrant leech
   539 | D        | Identified Roxanne's Compendium of the Rocks
   539 | D        | Noticed Roxanne
   770 | D        | Killed Roxanne
   770 | D        | Reached skill level 17 in Spellcasting
   770 | D        | Reached XP level 9. HP: 45/45 MP: 4/32
   894 | D        | Learned a level 5 spell: Bolt of Magma
   901 | D        | Learned a level 6 spell: Statue Form
   910 | D        | Found Nock's Magic Scroll Shop.
   910 | D        | Found Ypseng's Gadget Boutique.
   910 | D        | Found Ceos's General Store.
   910 | D        | Found Hyogi's Antique Weapon Shop.
   910 | D        | Found Witoudghiratt's Weapon Boutique.
   910 | D        | Found Vesi Pim's Antique Armour Boutique.
   910 | D        | Found Ygesin's Antique Weapon Shop.
   911 | D        | Found Byhitourph's Book Shop.
   912 | D        | Found Paosasih's Food Boutique.
   912 | D        | Found Vukuchui's Jewellery Shop.
   912 | D        | Found Puphim's Distillery.
   917 | D        | Reached skill level 1 in Fighting
   928 | D        | Found Uzxong Tinye's Distillery.
   928 | D        | Found Edaomuoj's Antique Armour Boutique.
   928 | D        | Noticed an iron elemental
   928 | D        | Noticed an oklob plant
   929 | D        | Found Aromp's Antique Armour Shop.
   929 | D        | Found Muzot's Jewellery Boutique.
   929 | D        | Found Ytaastus's Book Shoppe.
   932 | D        | Noticed a death yak
   965 | D        | Bought an uncursed amulet of harm for 300 gold pieces
   965 | D        | Bought an uncursed ring of magical power for 200 gold
                  | pieces
   975 | D        | Bought a scroll of magic mapping for 49 gold pieces
   985 | D        | Bought a potion of curing for 42 gold pieces
  1049 | D        | Noticed an ice statue
  1057 | D        | Killed an ice statue
  1454 | D        | Noticed Kirke
  1454 | D        | Noticed a yaktaur captain
  1454 | D        | Noticed a skeletal warrior
  1456 | D        | Killed a skeletal warrior
  1456 | D        | Reached skill level 5 in Fighting
  1456 | D        | Noticed a shining eye
  1457 | D        | Killed a yaktaur captain
  1457 | D        | Reached XP level 10. HP: 63/63 MP: 26/33
  1457 | D        | Noticed an elephant
  1458 | D        | Killed Kirke
  1458 | D        | Noticed a shining eye
  1459 | D        | Killed an elephant
  1459 | D        | Reached skill level 10 in Dodging
  1459 | D        | Noticed a centaur warrior
  1460 | D        | Killed a shining eye
  1460 | D        | Reached skill level 10 in Fighting
  1461 | D        | Killed a centaur warrior
  1461 | D        | Noticed a shining eye
  1462 | D        | Killed a shining eye
  1665 | D        | Reached XP level 11. HP: 74/74 MP: 33/34
  1674 | D        | Gained mutation: You are frail. (-10% HP) [a shining eye]
  1675 | D        | Killed a shining eye
  1773 | D        | Found a roughly hewn altar of Beogh.
  1774 | D        | Found a hazy altar of Hepliaklqana.
  1774 | D        | Found a snail-covered altar of Cheibriados.
  1775 | D        | Found a stormy altar of Qazlal.
  1775 | D        | Found a viscous altar of Jiyva.
  1775 | D        | Found a shadowy altar of Dithmenos.
  1776 | D        | Found a sacrificial altar of Ru.
  1776 | D        | Found an ancient bone altar of Kikubaaqudgha.
  1776 | D        | Found a white marble altar of Elyvilon.
  1846 | D        | Found an ornate altar of the Wu Jian Council.
  1846 | D        | Found a shimmering blue altar of Sif Muna.
  1846 | D        | Found a corrupted altar of Lugonu.
  1846 | D        | Found a blossoming altar of Fedhas.
  1847 | D        | Found a shimmering altar of Xom.
  1847 | D        | Found a bloodstained altar of Trog.
  1847 | D        | Found a burning altar of Makhleb.
  1848 | D        | Found a glowing golden altar of the Shining One.
  1848 | D        | Found a basalt altar of Yredelemnul.
  1848 | D        | Found a hide-covered altar of Uskayaw.
  1850 | D        | Found a glowing silver altar of Zin.
  1850 | D        | Found a radiant altar of Vehumet.
  1850 | D        | Found a sparkling altar of Nemelex Xobeh.
  1851 | D        | Found an opulent altar of Gozag.
  1851 | D        | Found an iron altar of Okawaru.
  1853 | D        | Reached skill level 18 in Spellcasting
  1867 | D        | Became a worshipper of Vehumet
  1959 | D        | Noticed a kraken
  1966 | D        | Killed a kraken
  1966 | D        | Reached skill level 19 in Spellcasting
  2225 | D        | Reached * piety under Vehumet
  2225 | D        | Offered knowledge of Shock by Vehumet.
  2274 | D        | Noticed a deep troll
  2275 | D        | Noticed a deep troll
  2276 | D        | Killed a deep troll
  2279 | D        | Killed a deep troll
  2279 | D        | Reached ** piety under Vehumet
  2467 | D        | Noticed a sphinx
  2467 | D        | Noticed a sphinx
  2472 | D        | Killed a sphinx
  2472 | D        | Offered knowledge of Searing Ray by Vehumet.
  2472 | D        | Reached skill level 20 in Spellcasting
  2473 | D        | Paralysed by a sphinx for 5 turns
  2478 | D        | Killed a sphinx
  2478 | D        | Reached skill level 21 in Spellcasting
  2793 | D        | Offered knowledge of Inner Flame by Vehumet.
  2793 | D        | Reached *** piety under Vehumet
  2793 | D        | Reached XP level 12. HP: 72/72 MP: 39/39
  2844 | D        | Noticed a crystal guardian
  2846 | D        | Killed a crystal guardian
  2877 | D        | Reached **** piety under Vehumet
  2878 | D        | Reached skill level 22 in Spellcasting
  2923 | D        | Noticed an ice dragon
  2948 | D        | Killed from afar by an ice dragon

Levels and vault maps discovered:
D:        the_violet_keep_of_menkaure [sprint2_stairs_cluster_1,
          sprint2_shoproom, sprint2_temple, sprint2_basic_supplies,
          sprint2_obstacle_6, sprint2_obstacle_1, sprint2_obstacle_2,
          sprint2_obstacle_5, sprint2_obstacle_4, sprint2_timed_cluster_1,
          sprint2_smallroom_cluster_1, sprint2_smallroom_final_cluster_1,
          sprint2_transparent_cluster_1, sprint2_second_timed_cluster_1,
          sprint2_sniper_area_1, sprint2_heavy_combat_area_1,
          sprint2_mutation_trap_area_1, sprint2_forest_area_1,
          sprint2_light_combat_area_1, sprint2_behind_water_1,
          sprint2_near_end_vault_1]

Skill      XL: |  1  2  3  4  5  6  7  8  9 10 11 12 |
---------------+-------------------------------------+-----
Spellcasting   | 6 9 11 13 14 17 21 22 | 22.0
Earth Magic    | 8 9 11 13 14 16 19 20 | 20.2
Fighting       | 7 11 | 11.2
Dodging        | 7 11 | 11.5
Stealth        | |  2.4
Transmutations | |  1.1

Action                   |  1- 3 |  4- 6 |  7- 9 | 10-12 || total
-------------------------+-------+-------+-------+-------++-------
Melee: Unarmed           |       |       |     6 |       ||     6
 Cast: Sandblast         |     1 |     8 |     1 |       ||    10
       Lee's Rapid Decon |       |     2 |    21 |    32 ||    55
       Statue Form       |       |       |     2 |     4 ||     6
       Bolt of Magma     |       |       |       |     9 ||     9
  Use: Potion            |     1 |     1 |       |       ||     2
       Scroll            |       |       |     1 |     1 ||     2
  Eat: Ration            |       |       |     1 |       ||     1
       Chunk             |       |       |       |     4 ||     4
Armor: Skin              |       |       |     1 |    22 ||    23
Dodge: Dodged            |       |     2 |     8 |    20 ||    30
